2915 views
Uploaded 2020-03-25 17:30:35
Game version 1.32.3
12:01 long 2on2 ladder game on (4)TurtleRock
Saved by Lakuza
2915 views
Uploaded 2020-03-25 17:30:35
Game version 1.32.3
12:01 long 2on2 ladder game on (4)TurtleRock


42 units @ 4.1k
/ 0.4k
27 buildings @ 4.5k
/ 2.2k


| Boots of Speed | 1 | 250 |
| total: | 1 | 250g |
| Wisp | 16 | 960 | / | 0 |
| Archer | 4 | 520 | / | 40 |
| Dryad | 3 | 435 | / | 180 |
| total: | 23 | 1915g | / | 220w |
| Ancient Protector | 2 | 270 | / | 160 |
| Altar of Elders | 1 | 180 | / | 50 |
| Moon Well | 4 | 720 | / | 160 |
| Ancient of War | 1 | 150 | / | 60 |
| Hunter's Hall | 1 | 210 | / | 100 |
| Ancient of Wonders | 1 | 90 | / | 30 |
| Ancient of Lore | 6 | 930 | / | 870 |
| Tree of Ages | 1 | 320 | / | 180 |
| Tree of Eternity | 1 | 330 | / | 200 |
| total: | 16 | 2550g | / | 1430w |
| 0:03 | Altar of Elders |
| 0:04 | Wisp |
| 0:09 | Wisp |
| 0:21 | Moon Well |
| 0:24 | Ancient of War |
| 0:33 | Wisp |
| 0:40 | Wisp |
| 0:57 | Wisp |
| 1:21 | Wisp |
| 1:22 | Wisp |
| 1:25 | Archer |
| 1:56 | Wisp |
| 2:01 | Moon Well |
| 2:18 | Mana Burn |
| 2:29 | Wisp |
| 2:46 | Tree of Ages |
| 3:07 | Archer |
| 3:28 | Archer |
| 3:30 | Hunter's Hall |
| 3:32 | Moon Well |
| 3:48 | Boots of Speed |
| 4:21 | Archer |
| 4:29 | Ancient of Wonders |
| 5:09 | Evasion |
| 5:27 | Ancient of Lore |
| 5:28 | Ancient of Lore |
| 5:32 | Ancient of Lore |
| 5:35 | Ancient of Lore |
| 5:36 | Ancient of Lore |
| 6:04 | Wisp |
| 6:04 | Wisp |
| 6:05 | Ancient of Lore |
| 6:07 | Moon Well |
| 6:19 | Summon Lava Spawn |
| 6:38 | Ancient Protector |
| 7:17 | Dryad |
| 7:17 | Dryad |
| 8:02 | Dryad |
| 8:23 | Wisp |
| 8:23 | Wisp |
| 8:24 | Wisp |
| 8:39 | Incinerate |
| 8:46 | Mana Burn |
| 9:14 | Wisp |
| 9:16 | Wisp |
| 9:39 | Druid of the Claw Adept Training |
| 9:45 | Abolish Magic |
| 10:13 | Strength of the Wild |
| 10:14 | Reinforced Hides |
| 10:29 | Tree of Eternity |
| 11:57 | Ancient Protector |
| Right click | 380 |
| Select group | 268 |
| Select | 163 |
| Build/train/purchase | 45 |
| Misc. action | 41 |
| Chat | 21 |
| Assign group | 19 |
| Use ability | 19 |
| Minimap ping | 2 |


| Wisp | 10 | 600 | / | 0 |
| Archer | 3 | 390 | / | 30 |
| Huntress | 6 | 1170 | / | 120 |
| total: | 19 | 2160g | / | 150w |
| Ancient Protector | 1 | 135 | / | 80 |
| Ancient of War | 2 | 300 | / | 120 |
| Moon Well | 4 | 720 | / | 160 |
| Altar of Elders | 1 | 180 | / | 50 |
| Ancient of Wonders | 1 | 90 | / | 30 |
| Hunter's Hall | 1 | 210 | / | 100 |
| Tree of Life | 1 | 340 | / | 185 |
| Tree of Ages | 1 | 320 | / | 180 |
| total: | 11 | 1975g | / | 725w |
| 0:02 | Wisp |
| 0:02 | Wisp |
| 0:05 | Ancient of War |
| 0:17 | Moon Well |
| 0:17 | Wisp |
| 0:26 | Wisp |
| 0:32 | Wisp |
| 0:45 | Wisp |
| 0:45 | Wisp |
| 1:06 | Altar of Elders |
| 1:15 | Archer |
| 1:34 | Wisp |
| 1:39 | Archer |
| 1:58 | Moon Well |
| 2:20 | Summon Quilbeast |
| 3:11 | Tree of Ages |
| 3:16 | Archer |
| 3:35 | Ancient of Wonders |
| 3:39 | Hunter's Hall |
| 4:35 | Summon Hawk |
| 4:50 | Huntress |
| 5:49 | Huntress |
| 5:59 | Pocket Factory |
| 6:03 | Wisp |
| 6:03 | Wisp |
| 6:09 | Moon Well |
| 7:03 | Huntress |
| 7:11 | Ancient of War |
| 7:52 | Moon Well |
| 8:16 | Ancient Protector |
| 8:24 | Engineering Upgrade |
| 8:31 | Summon Quilbeast |
| 9:12 | Huntress |
| 9:33 | Tree of Life |
| 10:08 | Huntress |
| 10:57 | Huntress |
| 11:55 | Pocket Factory |
| Right click | 823 |
| Select | 377 |
| Misc. action | 198 |
| Select group | 117 |
| Assign group | 54 |
| Build/train/purchase | 54 |
| Chat | 22 |
| Use ability | 15 |
| Remove unit | 2 |
| Minimap ping | 1 |
47 units @ 6k
/ 0.4k
24 buildings @ 3.3k
/ 1.2k

| Peasant | 14 | 1050 | / | 0 |
| Footman | 9 | 1215 | / | 0 |
| Rifleman | 4 | 820 | / | 120 |
| total: | 27 | 3085g | / | 120w |
| Scout Tower | 2 | 60 | / | 40 |
| Guard Tower | 2 | 140 | / | 100 |
| Barracks | 1 | 160 | / | 60 |
| Farm | 5 | 400 | / | 100 |
| Altar of Kings | 1 | 180 | / | 50 |
| Lumber Mill | 1 | 120 | / | 0 |
| Blacksmith | 1 | 140 | / | 60 |
| Town Hall | 1 | 385 | / | 205 |
| total: | 12 | 1445g | / | 515w |
| 0:09 | Barracks |
| 0:10 | Peasant |
| 0:10 | Peasant |
| 0:10 | Peasant |
| 0:10 | Peasant |
| 0:17 | Peasant |
| 0:44 | Farm |
| 0:48 | Farm |
| 0:58 | Altar of Kings |
| 1:18 | Footman |
| 1:35 | Scout Tower |
| 1:57 | Peasant |
| 1:57 | Peasant |
| 1:57 | Peasant |
| 2:00 | Footman |
| 2:13 | Scout Tower |
| 2:27 | Lumber Mill |
| 2:31 | Farm |
| 2:37 | Footman |
| 3:02 | Summon Water Elemental |
| 3:09 | Footman |
| 3:09 | Footman |
| 3:16 | Farm |
| 3:54 | Footman |
| 3:54 | Footman |
| 4:01 | Blacksmith |
| 4:03 | Peasant |
| 4:30 | Blizzard |
| 4:37 | Farm |
| 5:03 | Footman |
| 5:03 | Footman |
| 5:05 | Peasant |
| 5:05 | Peasant |
| 5:06 | Peasant |
| 5:06 | Peasant |
| 5:38 | Brilliance Aura |
| 5:48 | Iron Forged Swords |
| 5:48 | Iron Plating |
| 5:48 | Studded Leather Armor |
| 5:49 | Black Gunpowder |
| 5:57 | Guard Tower |
| 5:58 | Guard Tower |
| 7:19 | Rifleman |
| 7:19 | Rifleman |
| 7:20 | Rifleman |
| 7:20 | Rifleman |
| 8:26 | Town Hall |
| 9:41 | Peasant |
| Right click | 160 |
| Select | 133 |
| Build/train/purchase | 42 |
| Use ability | 3 |
| Esc | 2 |
| Remove unit | 1 |



| Healing Salve | 4 | 400 |
| Lesser Clarity Potion | 3 | 210 |
| Scroll of Speed | 2 | 100 |
| total: | 9 | 710g |
| Peon | 8 | 600 | / | 0 |
| Grunt | 6 | 1200 | / | 0 |
| Raider | 6 | 1080 | / | 240 |
| total: | 20 | 2880g | / | 240w |
| Watch Tower | 3 | 330 | / | 240 |
| Altar of Storms | 1 | 180 | / | 50 |
| Orc Burrow | 4 | 640 | / | 160 |
| Barracks | 1 | 180 | / | 50 |
| Voodoo Lounge | 1 | 130 | / | 30 |
| War Mill | 1 | 205 | / | 0 |
| Beastiary | 1 | 145 | / | 140 |
| Stronghold | 2 | 630 | / | 380 |
| Fortress | 2 | 650 | / | 380 |
| total: | 12 | 1810g | / | 670w |
| 0:04 | Peon |
| 0:04 | Peon |
| 0:08 | Altar of Storms |
| 0:24 | Orc Burrow |
| 0:27 | Peon |
| 0:35 | Barracks |
| 0:44 | Peon |
| 0:44 | Peon |
| 1:02 | Peon |
| 1:19 | Peon |
| 1:37 | Grunt |
| 1:40 | Peon |
| 2:13 | Stronghold |
| 2:15 | Feral Spirit |
| 2:27 | Orc Burrow |
| 2:30 | Voodoo Lounge |
| 3:01 | Grunt |
| 3:36 | Grunt |
| 3:59 | Orc Burrow |
| 4:01 | Healing Salve |
| 4:01 | Lesser Clarity Potion |
| 4:02 | Scroll of Speed |
| 4:36 | Chain Lighting |
| 4:42 | Beastiary |
| 4:48 | Summon Quilbeast |
| 4:48 | Summon Quilbeast |
| 5:58 | Raider |
| 5:59 | Raider |
| 5:59 | Ensnare |
| 6:01 | Fortress |
| 6:10 | Lesser Clarity Potion |
| 6:14 | Scroll of Speed |
| 6:20 | Healing Salve |
| 6:20 | Healing Salve |
| 6:34 | Orc Burrow |
| 6:57 | Grunt |
| 7:38 | Raider |
| 7:39 | Grunt |
| 7:53 | Raider |
| 8:27 | Rain of Fire |
| 8:31 | Raider |
| 8:37 | Pillage |
| 9:31 | Grunt |
| 9:34 | Raider |
| 10:00 | Lesser Clarity Potion |
| 10:01 | Healing Salve |
| 10:12 | War Mill |
| 10:43 | Feral Spirit |
| 11:24 | Reinforced Defenses |
| 11:26 | Watch Tower |
| 11:27 | Watch Tower |
| 11:54 | Watch Tower |
| Right click | 747 |
| Select | 225 |
| Select group | 184 |
| Build/train/purchase | 120 |
| Chat | 94 |
| Use ability | 28 |
| Assign group | 20 |
| Misc. action | 20 |
| Remove unit | 1 |
⇛